Map: Blackpink LE

Players

Maru - Winner!

  • Race: Terran Terran
  • Spawn Location: 1:00

Reynor

  • Race: Zerg Zerg
  • Spawn Location: 7:00

Event: WESG 2017 Haikou

VOD

https://youtu.be/ZInfSZwZRYw

Description

Time

  • Played on: March 16, 2018, 10:54 p.m.
  • Length: 22:00

All games in this series

Show
View Real Time Build Order
Export as new Build Order

Maru Terran - Winner!

Build Orders: Reaper Expand, Bio Tank 

Get SALT Encoding   

  12  0:00  SCV  
  13  0:13  SCV  
  14  0:17  Supply Depot  
  14  0:25  SCV  
  15  0:38  SCV  
  15  0:40  Barracks  
  16  0:44  Refinery  
  16  0:50  SCV  
  17  1:02  SCV  
  18  1:15  SCV  
  19  1:27  Orbital Command  
  19  1:28  Reaper  
  20  1:38  Command Center  
  20  1:49  Barracks  
  20  1:52  SCV  
  21  1:59  Supply Depot  
  21  2:02  Barracks Reactor  
  21  2:06  SCV  
  22  2:10  Refinery  
  22  2:18  SCV  
  22  2:22  Factory  
  23  2:30  SCV  
  24  2:38  Barracks Tech Lab  
  24  2:41  Marine x2  
  24  2:42  SCV  
  27  2:50  Orbital Command  
  27  2:54  SCV  
  27  2:57  Marine, Stimpack  
  29  2:59  Marine  
  29  3:00  Marine  
  31  3:08  SCV  
  32  3:13  Starport  
  32  3:15  SCV  
  33  3:20  Marine x2  
  33  3:21  Marine  
  33  3:23  Factory Reactor  
  33  3:26  SCV  
  37  3:27  SCV  
  37  3:31  Supply Depot  
  38  3:38  SCV  
  38  3:39  SCV  
  38  3:40  Marine x3  
  43  3:50  SCV  
  43  3:52  SCV  
  43  3:55  Supply Depot  
  45  4:02  SCV  
  46  4:03  Marine x3, Medivac  
  46  4:04  SCV, Medivac  
  53  4:12  Engineering Bay  
  53  4:15  SCV  
  53  4:18  SCV  
  53  4:19  Engineering Bay  
  53  4:21  Supply Depot  
  53  4:22  Marine x2  
  53  4:23  Marine  
  57  4:28  SCV  
  57  4:30  SCV  
  59  4:39  Supply Depot  
  59  4:40  Marine x2  
  59  4:41  Marine  
  62  4:46  SCV x2, Terran Infantry Weapons Level 1, Terran Infantry Armor Level 1  
  64  4:57  Combat Shields  
  64  4:58  Command Center  
  64  5:00  Marine  
  64  5:02  Marine  
  64  5:03  Marine  
  67  5:07  Supply Depot  
  67  5:09  Widow Mine  
  67  5:10  SCV  
  70  5:15  Medivac  
  70  5:17  SCV  
  70  5:18  Marine  
  74  5:22  SCV  
  74  5:28  Marine x2  
  67  5:36  Marine  
  67  5:37  Barracks  
  67  5:38  Medivac  
  67  5:39  Barracks  
  67  5:40  Barracks  
  67  5:41  SCV  
  71  5:43  SCV  
  71  5:46  Factory Reactor  
  72  5:50  Refinery x2  
  72  5:54  SCV  
  72  5:55  SCV  
  72  5:57  Marine x3  
  74  6:03  Armory  
  77  6:14  Marine  
  77  6:15  Marine x2  
  78  6:20  Orbital Command  
  72  6:25  Barracks Reactor  
  72  6:26  Barracks Reactor  
  72  6:28  Barracks Reactor  
  72  6:32  Marine x2  
  74  6:33  Marine  
  74  6:38  Medivac  
  74  6:39  Medivac  
  77  6:40  Factory Tech Lab  
  77  6:43  Supply Depot  
  77  6:50  Marine x4  
  77  6:51  Marine  
  82  6:57  SCV x2  
  82  7:00  Widow Mine  
  83  7:02  Orbital Command  
  83  7:06  Marine x3  
  83  7:08  Marine x4, Medivac  
  86  7:09  SCV x2  
  86  7:15  Supply Depot  
  91  7:21  SCV, Terran Infantry Weapons Level 2  
  91  7:22  Marine x2, Widow Mine  
  96  7:23  Marine  
  96  7:27  SCV  
  99  7:30  SCV  
  99  7:33  SCV, Supply Depot  
  99  7:35  Marine  
  99  7:36  Marine x3  
  104  7:38  Supply Depot  
  104  7:39  SCV  
  104  7:40  Terran Infantry Armor Level 2  
  104  7:42  SCV  
  106  7:44  Supply Depot  
  106  7:49  SCV  
  106  7:50  Siege Tank  
  109  7:51  SCV  
  109  7:54  SCV  
  110  7:58  Marine x2  
  110  7:59  Marine x3  
  110  8:01  SCV  
  110  8:03  SCV  
  117  8:06  SCV  
  117  8:08  Marine  
  117  8:09  Marine x3  
  121  8:13  SCV, Factory  
  121  8:14  Supply Depot  
  121  8:15  SCV  
  121  8:16  Marine x3  
  123  8:23  Marine  
  123  8:24  Marine  
  123  8:25  Siege Tank  
  123  8:26  Marine x3  
  123  8:27  Marine  
  127  8:28  Medivac x2  
  127  8:34  Marine x2  
  131  8:36  SCV  
  131  8:39  SCV  
  131  8:41  Refinery x2, SCV  
  136  8:42  Supply Depot  
  136  8:47  Marine x5  
  136  8:48  SCV, Marine  
  143  8:50  Terran Vehicle Weapons Level 1  
  143  8:51  SCV  
  143  8:53  SCV  
  144  8:58  Factory Tech Lab, Medivac  
  144  8:59  Supply Depot  
  144  9:00  SCV, Supply Depot  
  147  9:07  Siege Tank  
  150  9:13  Marine x2  
  150  9:15  Liberator x2  
  152  9:18  Command Center  
  152  9:22  Marine  
  153  9:29  Siege Tank  
  154  9:33  Supply Depot  
  154  9:34  Marine x5, Supply Depot  
  165  9:43  Terran Infantry Weapons Level 3  
  161  9:47  Marine x2  
  161  9:48  Marine x2, Supply Depot  
  161  9:52  Siege Tank  
  168  10:00  Terran Infantry Armor Level 3  
  168  10:01  Marine  
  168  10:06  Siege Tank  
  171  10:11  Marine x6  
  171  10:12  Marine x2  
  174  10:19  Medivac  
  174  10:20  Medivac  
  177  10:31  Marine x3  
  177  10:32  Siege Tank  
  176  10:38  Siege Tank  
  175  10:43  Marine x2  
  175  10:44  Marine  
  175  10:46  Marine x3  
  176  10:50  Marine  
  176  10:51  Marine x2  
  177  11:01  Marine x2  
  177  11:02  Liberator  
  177  11:04  Siege Tank  
  182  11:08  Marine x3  
  182  11:10  Siege Tank  
  187  11:16  Marine x4  
  190  11:25  Marine  
  182  11:29  Planetary Fortress  
  182  11:30  Refinery  
  182  11:31  Refinery, Medivac  
  185  11:33  Marine  
  185  11:34  Marine  
  185  11:35  Marauder  
  185  11:36  Siege Tank  
  189  11:42  Marine x4  
  189  11:43  Siege Tank, Marine x2  
  198  11:50  Liberator x2  
  198  11:54  Ghost Academy  
  198  11:56  Marauder, Barracks  
  198  11:57  Barracks  
  200  12:11  Barracks  
  199  12:21  Command Center  
  196  12:32  Liberator  
  196  12:33  Liberator  
  166  12:45  Barracks Tech Lab x2, Personal Cloaking  
  166  12:50  Marauder, Marine  
  166  12:51  Marine x7  
  171  13:10  Barracks Tech Lab  
  171  13:12  Marauder x2, Marine x7  
  148  13:13  Marine  
  148  13:17  Siege Tank, Marine  
  148  13:19  SCV x3  
  125  13:28  Ghost  
  125  13:29  Marine  
  125  13:30  Marine x2  
  125  13:31  SCV x2  
  125  13:33  Marauder, Ghost  
  131  13:34  Siege Tank  
  131  13:35  SCV  
  128  13:43  SCV x2, Ghost  
  128  13:47  Medivac x2  
  134  13:58  Marine x2  
  134  13:59  Marauder x2  
  140  14:04  SCV x3  
  140  14:05  Marine  
  140  14:06  Marauder  
  140  14:07  Command Center  
  140  14:08  Marine  
  147  14:12  Marauder  
  146  14:20  Marauder  
  146  14:23  Marine x3  
  146  14:24  Marauder  
  148  14:27  Marauder  
  145  14:34  Marauder  
  145  14:35  Concussive Shells  
  145  14:36  Medivac x2  
  151  14:41  Ghost  
  151  14:44  Ghost  
  154  14:49  Liberator  
  154  14:50  Ghost  
  138  14:54  Ghost  
  138  14:57  Marine x8  
  129  15:09  Ghost, Liberator  
  129  15:12  Supply Depot  
  129  15:13  Ghost  
  133  15:15  Marine x3  
  133  15:19  Marauder  
  135  15:22  Marine x5  
  135  15:24  Marauder  
  145  15:29  SCV x2  
  145  15:30  Planetary Fortress  
  145  15:39  Marauder  
  145  15:41  Marauder  
  145  15:42  Marauder  
  151  15:49  Marauder, Marine x2  
  135  15:51  SCV x3  
  137  16:00  Marauder  
  137  16:01  Nuke, Ghost  
  137  16:03  SCV x3, Ghost  
  146  16:09  Marine x2  
  146  16:10  Ghost, Marine x2  
  152  16:15  SCV, Medivac x2  
  157  16:19  Starport  
  157  16:21  Marauder  
  157  16:22  Terran Vehicle And Ship Armor Level 1  
  159  16:26  SCV x2  
  159  16:27  SCV  
  159  16:28  Marine x2  
  159  16:31  Marauder  
  159  16:32  Marauder  
  168  16:34  Marine x2  
  168  16:39  Marauder  
  172  16:40  Marine x2  
  172  16:43  Marauder  
  176  16:52  Marauder  
  176  16:53  Marine x3  
  176  16:54  Marauder, Marine  
  175  17:01  Marauder, Marine x2  
  167  17:04  Marauder  
  167  17:08  Marine x2  
  172  17:10  SCV x3  
  172  17:13  Marine x2  
  172  17:14  Marauder  
  172  17:15  Marauder  
  174  17:19  Nuke  
  174  17:20  Starport Tech Lab  
  174  17:22  Marauder  
  174  17:26  Medivac x2  
  178  17:43  Marine  
  183  17:44  Marauder x2  
  180  17:52  Liberator x2  
  180  18:03  Marine x2  
  180  18:04  Marauder x2, Marine  
  175  18:05  Marauder  
  175  18:08  Marauder, Marine  
  175  18:09  Raven  
  178  18:20  Marine x3  
  178  18:25  Marauder x2  
  181  18:27  Marauder  
  180  18:38  Marine  
  180  18:39  Marauder, Marine, Command Center  
  172  18:41  Command Center  
  172  18:48  Marine x2  
  172  18:49  Marauder  
  172  18:50  Orbital Command  
  172  18:52  Supply Depot  
  176  18:59  Marine x2  
  176  19:00  Marauder  
  174  19:35  Marauder x3, Marine x3, Liberator x2  
  183  19:43  Marauder, Marine x2  
  187  19:53  Marine x2  
  187  19:56  Marauder  
  187  19:57  Marauder x2  
  195  20:04  Ghost  
  187  20:22  Marauder x2, Marine x3  
  187  20:23  Marauder  
  184  20:32  Medivac  
  184  20:35  Medivac  
  155  20:50  Ghost x3  
  155  20:51  Ghost  
  149  21:10  Medivac x2  
  135  21:19  Ghost  
  135  21:21  Marauder, Marine  
  132  21:27  Marine x3  
  135  21:36  Marauder x2, Marine x2  
  135  21:38  Marine  
Show
View Real Time Build Order
Export as new Build Order

Reynor Zerg 

Build Orders: Hatch First 

Get SALT Encoding   

  12  0:01  Drone  
  13  0:12  Overlord  
  13  0:17  Drone  
  14  0:30  Drone  
  14  0:31  Drone  
  14  0:34  Drone  
  17  0:53  Hatchery  
  17  0:55  Drone  
  17  0:58  Drone  
  18  1:08  Extractor  
  17  1:13  Spawning Pool  
  17  1:16  Drone  
  17  1:19  Drone  
  18  1:28  Drone  
  19  1:40  Overlord  
  19  1:51  Drone  
  20  1:59  Queen  
  20  2:00  Zergling x2  
  23  2:04  Queen  
  25  2:09  Metabolic Boost, Zergling x2  
  25  2:13  Drone  
  27  2:15  Drone  
  28  2:29  Hatchery  
  27  2:32  Drone  
  27  2:33  Drone  
  28  2:46  Queen  
  28  2:47  Drone x2  
  28  2:51  Overlord  
  32  2:54  Drone  
  32  2:56  Drone  
  34  3:00  Drone  
  35  3:11  Queen  
  35  3:12  Overlord  
  37  3:17  Drone x3  
  37  3:18  Drone  
  41  3:20  Drone  
  41  3:22  Drone  
  43  3:30  Queen  
  43  3:31  Zergling x4  
  47  3:34  Drone  
  47  3:37  Drone  
  47  3:40  Overlord  
  50  3:41  Drone  
  50  3:46  Queen  
  50  3:47  Drone  
  53  3:54  Queen  
  55  4:02  Drone x3  
  58  4:03  Drone x4  
  58  4:05  Drone  
  63  4:10  Queen  
  63  4:11  Drone  
  63  4:16  Overlord  
  65  4:18  Drone  
  65  4:30  Overlord  
  65  4:31  Evolution Chamber  
  64  4:32  Zergling x2  
  64  4:33  Evolution Chamber, Queen  
  64  4:35  Zergling x6  
  64  4:36  Zergling x2  
  70  4:39  Drone x2  
  70  4:41  Overlord  
  70  4:44  Zergling x2  
  73  4:47  Overlord  
  73  4:49  Drone  
  73  4:50  Zergling x4  
  76  4:55  Spore Crawler, Zergling x6  
  76  4:57  Drone x3  
  81  5:00  Zerg Ground Armor Level 1  
  81  5:04  Zerg Melee Weapons Level 1  
  81  5:05  Zergling x2  
  82  5:09  Zergling x6  
  85  5:15  Overlord, Queen  
  85  5:21  Zergling x4  
  89  5:30  Drone x8  
  89  5:33  Extractor, Overlord  
  96  5:35  Drone  
  96  5:36  Drone  
  96  5:39  Drone x3  
  96  5:41  Lair  
  101  5:43  Zergling x2  
  101  5:44  Drone  
  101  5:47  Drone  
  101  5:49  Drone  
  105  5:50  Extractor x2, Queen  
  105  5:51  Extractor, Zergling x4  
  105  5:55  Drone  
  107  5:57  Overlord  
  107  5:59  Zergling x2  
  107  6:00  Baneling Nest  
  107  6:04  Zergling x6  
  107  6:05  Drone  
  107  6:08  Overlord  
  107  6:09  Drone x2  
  113  6:22  Zergling x6  
  113  6:23  Zergling x4  
  113  6:25  Drone x3  
  116  6:27  Hatchery  
  116  6:28  Zergling x2  
  116  6:32  Zergling x4  
  118  6:35  Extractor  
  118  6:37  Hatchery  
  118  6:38  Zergling x8  
  120  6:44  Drone  
  120  6:46  Zergling x2  
  122  6:47  Hydralisk Den, Baneling x2  
  122  6:48  Baneling, Infestation Pit, Overlord  
  111  6:57  Zergling x6  
  111  6:58  Zergling x8  
  111  6:59  Zergling x2  
  115  7:02  Queen  
  115  7:06  Zergling x8  
  115  7:09  Zergling x4  
  115  7:13  Zerg Melee Weapons Level 2  
  115  7:15  Zerg Ground Armor Level 2  
  105  7:18  Zergling x2  
  105  7:19  Zergling x4  
  105  7:22  Drone x2  
  108  7:29  Overlord  
  108  7:30  Drone  
  108  7:32  Drone x4  
  108  7:35  Zergling x2  
  114  7:39  Centrifical Hooks  
  114  7:40  Grooved Spines  
  114  7:45  Hydralisk x3  
  120  7:51  Drone x2  
  120  7:54  Hydralisk  
  119  7:58  Hive  
  119  8:00  Hydralisk, Zergling x2  
  119  8:01  Zergling x4  
  119  8:02  Zergling x4  
  119  8:05  Overlord  
  126  8:06  Drone  
  118  8:20  Drone x4  
  118  8:21  Drone x4  
  118  8:22  Hydralisk x2  
  118  8:23  Hydralisk  
  118  8:25  Drone  
  118  8:26  Drone x2  
  134  8:32  Hydralisk x3  
  138  8:37  Drone x3  
  138  8:40  Hydralisk x2  
  145  8:46  Overlord  
  145  8:47  Hydralisk  
  145  8:48  Hydralisk, Zergling x4  
  147  8:55  Hydralisk x3  
  145  8:56  Zergling x2  
  145  8:58  Muscular Augments  
  145  9:00  Drone x3  
  153  9:05  Hydralisk x2  
  153  9:06  Extractor, Zergling x4  
  153  9:09  Hydralisk  
  158  9:10  Zergling x4  
  158  9:11  Zergling x2  
  158  9:14  Drone, Spore Crawler  
  163  9:22  Overlord  
  161  9:24  Hydralisk x2  
  161  9:29  Overlord  
  165  9:33  Overlord  
  165  9:37  Overlord, Zerg Ground Armor Level 3  
  165  9:38  Zerg Melee Weapons Level 3  
  156  9:45  Zergling x6  
  156  9:46  Zergling x12  
  156  9:49  Ultralisk Cavern  
  156  9:51  Baneling x3  
  156  9:52  Baneling  
  162  9:55  Zergling x8  
  162  9:58  Hatchery  
  162  9:59  Zergling x8  
  169  10:04  Zergling x8  
  165  10:12  Hydralisk x2  
  165  10:13  Overlord  
  166  10:14  Zergling x8  
  166  10:17  Zergling x6  
  167  10:21  Zergling x4  
  167  10:22  Zergling x4  
  167  10:26  Adrenal Glands  
  162  10:39  Zergling x4  
  162  10:40  Zergling x8  
  157  10:46  Queen x2  
  157  10:48  Chitinous Plating  
  157  10:49  Hydralisk  
  161  10:50  Ultralisk, Zergling x10  
  161  10:55  Zergling x2  
  164  11:13  Hydralisk  
  164  11:14  Ultralisk x2, Zergling x10  
  164  11:15  Zergling x8  
  164  11:18  Hydralisk x2  
  151  11:33  Ultralisk  
  151  11:34  Zergling x6  
  159  11:44  Ultralisk, Zergling x2  
  162  11:53  Hatchery  
  160  11:59  Zergling x8  
  160  12:01  Viper  
  159  12:09  Hydralisk x2, Zergling x2  
  159  12:14  Zergling x8  
  170  12:22  Zergling x4  
  170  12:23  Zergling x6  
  171  12:33  Hydralisk x2, Zergling x2  
  171  12:34  Zergling x6  
  179  12:45  Hydralisk x2  
  179  12:47  Overlord  
  179  12:56  Hydralisk, Zergling x4  
  183  13:03  Hydralisk, Zergling x8  
  183  13:04  Hydralisk, Zergling x2  
  183  13:05  Zergling x2  
  176  13:10  Hydralisk x2  
  149  13:13  Hydralisk  
  149  13:17  Hydralisk  
  132  13:25  Swarm Host  
  132  13:26  Zergling x6  
  126  13:31  Zergling x8  
  126  13:32  Hydralisk  
  117  13:40  Zergling x4  
  113  13:44  Zergling x8  
  117  13:51  Viper x2  
  117  13:53  Zergling x6  
  124  14:00  Ultralisk  
  130  14:15  Ultralisk  
  140  14:24  Ultralisk, Zergling x4  
  140  14:28  Hatchery  
  140  14:29  Infestor x2  
  141  14:45  Ultralisk x2  
  150  14:47  Zergling x6  
  142  14:58  Baneling x3  
  136  15:10  Ultralisk  
  136  15:11  Zergling x6  
  143  15:23  Burrow  
  143  15:35  Hatchery  
  139  15:49  Ultralisk  
  124  15:50  Zergling x8  
  124  15:54  Infestor  
  121  15:58  Zergling x4  
  121  15:59  Zergling x2  
  123  16:08  Overseer x2  
  123  16:10  Zergling x10  
  128  16:24  Drone x2  
  128  16:25  Drone x2  
  132  16:28  Zergling x6  
  132  16:29  Zergling x2  
  132  16:32  Hydralisk x2  
  134  16:33  Zergling x2  
  136  16:51  Hydralisk  
  136  16:52  Hydralisk x3  
  137  17:08  Infestor x2  
  137  17:10  Zergling x12  
  142  17:19  Infestor x3  
  141  17:26  Drone x2  
  140  17:38  Hatchery  
  137  18:00  Hydralisk x4  
  137  18:01  Zergling x4  
  137  18:05  Hydralisk x3  
  143  18:07  Zergling x2  
  148  18:15  Infestor x4  
  135  18:32  Hatchery  
  128  18:36  Ultralisk  
  133  18:44  Zergling x4  
  135  18:52  Infestor  
  137  19:00  Ultralisk x2  
  133  19:15  Hydralisk x4  
  133  19:19  Baneling x5  
  133  19:20  Baneling x6  
  127  19:36  Zergling x4  
  127  19:42  Zergling x4  
  129  19:55  Hydralisk x2  
  131  20:01  Hydralisk  
  131  20:06  Hydralisk  
  133  20:11  Hydralisk  
  135  20:21  Hydralisk  
  117  20:35  Hydralisk x3  
  115  20:49  Infestor x2  
  110  20:55  Hydralisk  
  110  20:56  Hydralisk  
  106  21:07  Hydralisk  
  72  21:35  Hydralisk  
Tags
 
Add a new tag
Caveats
  • Supply blocks, unpowered buildings, or Contaminate may cause inaccurate times.
  • Supply counts are checked every 10 seconds.